 Dungeon Crawl Stone Soup version 0.22-a0-282-gdd34a7d (webtiles) character file.

280 Amnesiac the Cutter (level 6, -1/54 HPs)
             Began as a Deep Elf Enchanter on Mar 18, 2018.
             Killed by divine providence
             ... invoked by an orc priest
              (11 damage)
             ... on level 4 of the Dungeon.
             The game lasted 00:08:37 (3825 turns).

Amnesiac the Cutter (Deep Elf Enchanter)            Turns: 3825, Time: 00:08:38

Health: -1/54      AC: 23    Str:  5    XL:     6   Next: 5%
Magic:  3/14       EV:  2    Int: 22    God:
Gold:   168        SH:  0    Dex: 15    Spells: 4/13 levels left

rFire    . . .     SeeInvis .   (no weapon)
rCold    . . .     Gourm    .   (no shield)
rNeg     + + +     Faith    .   (armour currently unavailable)
rPois    +         Spirit   .   (helmet currently unavailable)
rElec    .         Reflect  .   (cloak currently unavailable)
rCorr    .         Harm     .   (gloves currently unavailable)
MR       .....     NoTele   +   (boots currently unavailable)
Stlth    +++.......             (no amulet)
HPRegen  0.18/turn              (no ring)
MPRegen  0.14/turn              (no ring)

@: tree-form (expiring)
A: mutation resistance 1
a: no special abilities


You were on level 4 of the Dungeon.
You were near starving.
You were a tree.
You visited 1 branch of the dungeon, and saw 4 of its levels.

You collected 168 gold pieces.

Inventory:

Hand Weapons
 a - a +2 dagger
Armour
 b - a +0 robe (melded)
 m - a +1 pair of gloves (melded)
Wands
 n - a wand of polymorph (8)
Scrolls
 c - a scroll of identify {!r}
 e - a scroll of enchant armour {!r}
 f - a scroll of enchant weapon {!r}
 g - 3 scrolls of remove curse {!r}
Potions
 j - a potion of flight {!q}
Comestibles
 d - 12 rations


   Skills:
 * Level 2.7 Fighting
 + Level 4.1 Short Blades
 + Level 2.7 Dodging
 - Level 4.0 Stealth
 - Level 4.0 Spellcasting
 - Level 4.0 Hexes


You had 4 spell levels left.
You knew the following spells:

 Your Spells              Type           Power        Failure   Level  Hunger
a - Ensorcelled Hibernat  Hex/Ice        ##....       8%          2    #......
b - Corona                Hex            ###....      2%          1    None
e - Confuse               Hex            ###.....     6%          3    ###....
w - Tukima's Dance        Hex            ###.....     6%          3    ###....


Dungeon Overview and Level Annotations

Branches:
Dungeon (4/15)
 Temple: D:4-7

Altars:

Annotations:
D:3 Pikel


Innate Abilities, Weirdness & Mutations

((You have a pair of small antennae on your head.))
((You are partially covered in thin metallic scales. (AC +2)))
You are somewhat resistant to further mutation.


Message History

The orc priest barely misses the orc.
The orc hits you but does no damage.
You hit the orc priest.
The orc priest is severely wounded.
The orc priest seems less confused.
The orc priest hits you but does no damage.
The orc hits you but does no damage. x2
You barely miss the orc priest.
The orc priest is severely wounded.
The orc priest hits you but does no damage.
The orc hits you but does no damage.
The orc priest hits you but does no damage.
The orc hits you but does no damage.
You closely miss the orc priest.
The orc priest is severely wounded.
The orc priest looks braver for a moment.
The orc priest calls upon Beogh to heal the orc priest.
The orc priest is healed somewhat.
The orc hits you but does no damage. x2
Okay, then.
You barely miss the orc priest.
The orc priest is heavily wounded.
The orc priest calls upon Beogh to heal the orc priest.
The orc priest's wounds heal themselves!
The orc priest hits you but does no damage.
The orc hits you but does no damage.
You hit the orc priest but do no damage.
The orc priest is heavily wounded.
The orc hits you but does no damage. The orc priest completely misses you.
The orc priest hits you but does no damage.
You barely miss the orc priest.
The orc priest is heavily wounded.
The orc hits you but does no damage. x2
The orc priest hits you but does no damage. x2
You hit the orc priest.
The orc priest is heavily wounded.
The orc priest hits you but does no damage.
The orc hits you but does no damage. x2
The orc priest hits you but does no damage.
You hit the orc priest but do no damage.
The orc priest is heavily wounded.
Your transformation is almost over.
The orc priest miscasts a cantrip.
The orc barely misses you. The orc hits you but does no damage.
You closely miss the orc priest.
The orc priest is heavily wounded.
The orc priest barely misses you. The orc priest hits you with a whip.
* * * LOW HITPOINT WARNING * * *
The orc hits you but does no damage. The orc barely misses you.
You barely miss the orc priest.
The orc priest is heavily wounded.
The orc priest hits you but does no damage. x2
The orc hits you but does no damage. x2
You barely miss the orc priest.
The orc priest is heavily wounded.
The orc priest hits you but does no damage. x2
The orc hits you but does no damage.
You smack the orc priest!
The orc priest is almost dead.
The orc hits you but does no damage. The orc priest completely misses you.
The orc priest barely misses you. The orc completely misses you.
You barely miss the orc priest.
The orc priest is almost dead.
The orc priest mumbles some strange prayers to Beogh against you.
Beogh smites you!
You die...

#...........
#.........[#
#..........# ##
##.#########
...######## #.
..........# #.
..........#
......o...####.
......o♣.......
.....o.o..#####
..........#
..........#
..........#
###########


You could see 2 orc priests and 2 orcs.

Vanquished Creatures
  2 slaves
  An orc priest (D:3)
  2 orc wizards (D:3)
  An iguana (D:4)
  Ijyb (D:3)
  2 worker ants (D:4)
  A worm (D:4)
  2 dart slugs
  4 leopard geckos
  16 orcs
  3 giant cockroaches
  9 goblins
  7 hobgoblins
  4 quokkas
  2 ball pythons (D:3)
  5 bats
  2 frilled lizards
  3 kobolds
  8 rats
75 creatures vanquished.

Notes
Turn   | Place    | Note
-------+----------+-------------------------------------------
     0 | D:1      | Amnesiac the Deep Elf Enchanter began the quest for the Orb.
     0 | D:1      | Reached XP level 1. HP: 10/10 MP: 6/6
   197 | D:1      | Reached XP level 2. HP: 11/15 MP: 7/9
   241 | D:1      | Learned a level 2 spell: Ensorcelled Hibernation
   827 | D:2      | Reached XP level 3. HP: 15/19 MP: 3/10
   850 | D:2      | Learned a level 3 spell: Confuse
   854 | D:2      | Learned a level 3 spell: Tukima's Dance
  2290 | D:3      | Noticed Ijyb
  2349 | D:3      | Killed Ijyb
  2349 | D:3      | Reached XP level 4. HP: 21/24 MP: 0/12
  2661 | D:3      | Reached skill level 1 in Fighting
  2661 | D:3      | Reached XP level 5. HP: 29/29 MP: 10/13
  2951 | D:4      | Noticed a phantom
  3314 | D:3      | Gained mutation: You are partially covered in thin metallic scales. (AC +2) [potion of mutation]
  3314 | D:3      | Gained mutation: You are somewhat resistant to further mutation. [potion of mutation]
  3314 | D:3      | Gained mutation: You have a pair of small antennae on your head. [potion of mutation]
  3408 | D:4      | Noticed a slave
  3409 | D:4      | Noticed Pikel
  3409 | D:4      | Noticed a slave
  3418 | D:4      | Reached XP level 6. HP: 36/36 MP: 9/14
  3419 | D:4      | Noticed a slave
  3433 | D:4      | Killed a slave
  3459 | D:4      | Noticed a slave
  3472 | D:3      | Killed a slave
  3825 | D:4      | Killed from afar by an orc priest

Vault maps used:
D:1:      dpeg_chamrin_arrival_tetris
D:2:      st_stairs_3, minmay_misc_feat_x
D:3:      uniq_ijyb
D:4:      minmay_temple_entry_statues_pillars, serial_glass, glass_columns_b,
          glass_columns_b, uniq_pikel

Skill      XL: |  1  2  3  4  5 |
---------------+----------------+-----
Spellcasting   | 4 |  4.0
Short Blades   | 3 4 |  4.1
Stealth        | 4 |  4.0
Fighting       | 1 2 |  2.7
Dodging        | |  2.7
Hexes          | |  4.0

Action                   |  1- 3 |  4- 6 || total
-------------------------+-------+-------++-------
Melee: Dagger            |   113 |    66 ||   179
       Unarmed           |       |    20 ||    20
 Cast: Corona            |     3 |       ||     3
       Ensorcelled Hiber |    34 |    37 ||    71
       Confuse           |     5 |    17 ||    22
  Use: Scroll            |     9 |     3 ||    12
       Potion            |       |     3 ||     3
 Stab: Sleeping          |    34 |    20 ||    54
       Confused          |     1 |     1 ||     2
  Eat: Chunk             |     5 |     5 ||    10
Armor: Robe              |    24 |    13 ||    37
       Skin              |     5 |    46 ||    51
Dodge: Dodged            |    51 |    46 ||    97

Table legend:
 A = Spawn XP
 B = Non-spawn XP
 C = Spawn XP percentage of total XP
 D = Spawn monster count
 E = Non-spawn monster count
 F = Spawn count percentage of total count
 G = Total turns spent on level
                    A         B        C        D         E        F      G
               +---------+---------+-------+---------+---------+-------+---------
         Total |       0 |     400 |   0.0 |       0 |      73 |   0.0 |  3825
               +---------+---------+-------+---------+---------+-------+---------
           D:1 |       0 |      26 |   0.0 |       0 |      15 |   0.0 |   710
           D:2 |       0 |      29 |   0.0 |       0 |      16 |   0.0 |  1027
           D:3 |       0 |     227 |   0.0 |       0 |      35 |   0.0 |  1604
           D:4 |       0 |     118 |   0.0 |       0 |       7 |   0.0 |   484
               +---------+---------+-------+---------+---------+-------+---------
